 Dungeon Crawl Stone Soup version 0.26-a0-639-g72c4674329 (webtiles) character file.

Game seed: 8843888952180859073

413 PentaManta the Cleaver (level 7, -6/53 HPs)
             Began as a Formicid Abyssal Knight on Sept 19, 2020.
             Was a Believer of Lugonu.
             Mangled by a centaur (8 damage)
             ... on level 5 of the Dungeon.
             The game lasted 00:09:34 (3631 turns).

PentaManta the Cleaver (Formicid Abyssal Knight)    Turns: 3631, Time: 00:09:35

Health: -6/53      AC:  5    Str: 18    XL:     7   Next: 14%
Magic:  9/9        EV: 11    Int: 12    God:    Lugonu [**....]
Gold:   98         SH:  0    Dex: 12    Spells: 6/6 levels left

rFire    . . .     SeeInvis +   a - +2 hand axe
rCold    . . .     Faith    .   (no shield)
rNeg     . . .     Spirit   .   j - +0 ring mail
rPois    .         Reflect  .   (helmet unavailable)
rElec    .         Harm     .   (no cloak)
rCorr    .         Rampage  .   (no gloves)
MR       .....                  (no boots)
Stlth    ++........             (no amulet)
HPRegen  0.17/turn              (no ring)
MPRegen  0.11/turn              (no ring)

@: mighty, lethally poisoned (-6 -> -7), very slightly contaminated, invisible
A: permanent stasis, dig shafts and tunnels, four strong arms, antennae 3, thin
skeletal structure 1, blurry vision 1
a: Dig, Shaft Self, Depart the Abyss, Bend Space, Renounce Religion


You were on level 5 of the Dungeon.
You worshipped Lugonu.
Lugonu was pleased with you.
You visited 1 branch of the dungeon, and saw 6 of its levels.
You visited the Abyss 1 time.

You collected 98 gold pieces.

Inventory:

Hand Weapons
 a - a +2 hand axe (weapon)
 c - a +0 hunting sling
Missiles
 r - 2 curare-tipped darts (quivered)
 s - 34 sling bullets
Armour
 j - a +0 ring mail (worn)
 q - a +0 chain mail
Wands
 p - a wand of polymorph (4)
Scrolls
 b - a scroll of magic mapping
 f - a scroll of remove curse
 n - 2 scrolls of enchant armour
Potions
 d - a potion of lignification {unknown}
 h - 4 potions of curing {unknown}
 l - a potion of cancellation
 m - a potion of invisibility
 u - a potion of flight {unknown}
 w - a potion of might


   Skills:
 + Level 3.7 Fighting
 + Level 11.2 Axes
 + Level 2.6 Armour
 + Level 1.5 Dodging
 * Level 3.4 Invocations


You had 6 spell levels left.
You didn't know any spells.
Your spell library was empty.

Dungeon Overview and Level Annotations

Branches:
Dungeon (6/15)             Temple (0/1) D:5

Altars:
Ashenzari
Elyvilon
Trog
Vehumet

Annotations:
D:4 Dowan, Duvessa
D:6 Menkaure


Innate Abilities, Weirdness & Mutations

You cannot be hasted, slowed, berserked, paralysed or teleported.
You can dig through walls and to a lower floor.
Your four strong arms can wield two-handed weapons with a shield.
You have a pair of large antennae on your head. (SInv)
You have a somewhat thin skeletal structure. (Dex +2, Stealth)
Scrolls take you a little longer to read.


Message History

The centaur hits you but does no damage.
The orc wizard hits you with a +0 dagger.
* * * LOW HITPOINT WARNING * * *
The adder barely misses you.
It was a potion of might.
You feel very mighty all of a sudden.
The centaur hits you but does no damage.
The adder bites you but does no damage. The orc wizard barely misses you.
The centaur misses you.
It was a potion of mutation.
You feel extremely strange.
Your vision blurs.
Your bones become slightly less dense.
You feel sick. The adder barely misses you. The centaur closely misses you.
The orc wizard closely misses you.
You slash the centaur!
The centaur is almost dead.
You hit the orc wizard.
You kill the orc wizard!
Lugonu accepts your kill.
You miss the adder. The centaur hits you!
You die...

,,,<,,,,,......#.(># **,*
,,,,,,,,,....#.....# *,*
,,***,,,,....##..(##### *,*
,,***,,,,.............### *,,
,,,,,,,,,...........#...#######*,
,****,,,,....#.#...............,,
,** *,,,,......Zo##............,*
,,* *****.##...cS######........,*
*,* *,,#...)@(..# #........,* *,*
*#..........###........,* *,*
###.........#.........,, *,*
#............#######**
*,*********#.####.........#######
,,,,,,,,,,...,,,............#....
**,***,,,...,,,,................<
,,,,,*,,,..,,,,,#####............
,,,,,*,,,,,,,,,,* #............


You could see a centaur, an adder, an orc and a bullfrog skeleton.

Vanquished Creatures
  A howler monkey (D:6)
  A hound (D:5)
  2 orc priests
  2 orc wizards (D:5)
  A worker ant (D:6)
  2 gnolls (D:2)
  5 adders
  An ooze (D:1)
  2 worms
  2 dart slugs
  A leopard gecko (D:1)
  14 orcs
  4 bats (D:1)
  3 giant cockroaches
  4 goblins
  6 hobgoblins
  7 jackals (D:1)
  7 kobolds
  A quokka (D:3)
  5 frilled lizards
  A leopard gecko skeleton (D:4)
  6 rats
78 creatures vanquished.

Vanquished Creatures (others)
  A ball python (D:3)
  2 bats (D:3)
  2 plants (D:4)
5 creatures vanquished.

Grand Total: 83 creatures vanquished

Notes
Turn   | Place    | Note
-------+----------+-------------------------------------------
     0 | Abyss:1  | PentaManta the Formicid Abyssal Knight began the quest for
                  | the Orb.
     0 | Abyss:1  | Reached XP level 1. HP: 18/18 MP: 2/2
    42 | Abyss:1  | Noticed a large abomination
    59 | Abyss:1  | Noticed a ynoxinul
    60 | D:1      | Escaped the Abyss
   108 | D:1      | Reached XP level 2. HP: 20/24 MP: 3/3
   112 | D:1      | Reached * piety under Lugonu
   308 | D:1      | Reached skill level 3 in Axes
   352 | D:1      | Reached XP level 3. HP: 29/29 MP: 4/4
   778 | D:2      | Reached skill level 11 in Axes
   778 | D:2      | Reached XP level 4. HP: 27/35 MP: 5/5
   933 | D:2      | Found a shattered altar of Ashenzari.
   942 | D:2      | Reached XP level 5. HP: 32/41 MP: 6/6
  1479 | D:3      | Found a radiant altar of Vehumet.
  1701 | D:3      | Reached skill level 1 in Dodging
  1837 | D:3      | Found a white marble altar of Elyvilon.
  1923 | D:3      | Reached ** piety under Lugonu
  2310 | D:3      | Found a bloodstained altar of Trog.
  2585 | D:4      | Noticed Dowan
  2585 | D:4      | Noticed Duvessa
  2673 | D:4      | You fall into a shaft and drop 1 floor!
  2673 | D:5      | Entered Level 5 of the Dungeon
  2681 | D:5      | Reached XP level 6. HP: 16/47 MP: 6/8
  3603 | D:6      | Noticed Menkaure
  3625 | D:5      | Reached XP level 7. HP: 7/53 MP: 9/9
  3630 | D:5      | Gained mutation: Scrolls take you a little longer to read.
                  | [potion of mutation]
  3630 | D:5      | Gained mutation: You have a somewhat thin skeletal
                  | structure. (Dex +2, Stealth) [potion of mutation]
  3630 | D:5      | HP: 2/53 [poisoned by an adder]
  3631 | D:5      | Mangled by a centaur

Illustrated notes

Levels and vault maps discovered:
D:1:      ncdulo_smallfort, layout_rooms, chequers_arboretum
D:2:      layout_loops_ring, nicolae_tso_swordbearing_angel, ashenzari_altar_1,
          dk_noncrumbling_4, uniq_sigmund
D:3:      layout_loops_ring, fiery_altar_vehumet, lightli_temple_of_fire,
          elyvilon_altar_5
D:4:      layout_cave_pods, serial_bayou_lagoon_a, uniq_duvessa
D:5:      layout_rooms, minitemple, minmay_temple_entry_junction
D:6:      layout_basic, kennysheep_mini_moat, uniq_menkaure

Skill      XL: |  1  2  3  4  5  6 |
---------------+-------------------+-----
Axes           | 3 11 | 11.2
Dodging        | 1 |  1.5
Invocations    | 3 |  3.4
Fighting       | |  3.7
Armour         | |  2.6

Action                   |  1- 3 |  4- 6 |  7- 9 || total
-------------------------+-------+-------+-------++-------
Melee: Hand axe          |    83 |   151 |     4 ||   238
Throw: Dart              |       |     1 |       ||     1
Invok: Depart the Abyss  |     1 |       |       ||     1
 Abil: Dig               |     2 |       |       ||     2
       Shaft Self        |       |     1 |       ||     1
  Use: Scroll            |     2 |    10 |       ||    12
       Potion            |     3 |     1 |     2 ||     6
 Stab: Invisible         |       |     1 |     1 ||     2
Armor: Leather armour    |    17 |       |       ||    17
       Ring mail         |    15 |    47 |     3 ||    65
Dodge: Dodged            |    68 |    83 |    12 ||   163

Table legend: (Time is in decaauts)
 A = Elapsed time spent in this place.
 B = Non-inter-level travel time spent in this place.
 C = Inter-level travel time spent in this place.
 D = Time resting spent in this place.
 E = Time spent auto-exploring this place.
 F = Levels seen in this place.
 G = Mean time per level.
                   A        B        C        D        E       F      G
               +--------+--------+--------+--------+--------+-----+--------+
         Total |   3611 |   3410 |    201 |    454 |   2171 |   7 |  515.9 |
       Dungeon |   3551 |   3350 |    201 |    454 |   2171 |   6 |  591.8 |
         Abyss |     60 |     60 |      0 |      0 |      0 |   1 |   60.0 |
               +--------+--------+--------+--------+--------+-----+--------+

Top non-repeatable levels by time:
     D:3: 1177 daAuts
     D:4: 748 daAuts
     D:2: 637 daAuts
     D:1: 527 daAuts
     D:5: 339 daAuts
     D:6: 121 daAuts
 Abyss:1: 60 daAuts
